 Dungeon Crawl Stone Soup version 0.26-a0-663-g36e8fdb655 (webtiles) character file.

Game seed: 547010027686628883

13381 vt the Martial Artist (level 12, -1/72 HPs)
             Began as a Vine Stalker Conjurer on Oct 12, 2020.
             Was a Priest of Cheibriados.
             Slain by an eight-headed hydra (5 damage)
             ... on level 1 of the Lair of Beasts on Oct 13, 2020.
             The game lasted 01:24:13 (5895 turns).

vt the Martial Artist (Vine Stalker Conjurer)       Turns: 5895, Time: 01:24:14

Health: -1/72      AC:  7    Str: 20    XL:     12   Next: 5%
Magic:  0/22       EV: 14    Int: 30    God:    Cheibriados [***...]
Gold:   585        SH:  0    Dex: 20    Spells: 3/23 levels left

rFire    . . .     SeeInvis .     - Unarmed
rCold    + + +     Faith    .   (shield currently unavailable)
rNeg     . . .     Spirit   +   (armour currently unavailable)
rPois    +         Reflect  .   (helmet currently unavailable)
rElec    .         Harm     .   (cloak currently unavailable)
rCorr    .         Rampage  .   (gloves currently unavailable)
MR       +....                  (boots currently unavailable)
Stlth    ++++......             H - amulet of regeneration
HPRegen  1.42/turn              F - ring of protection from fire {!d}
MPRegen  0.18/turn              M - ring of stealth

@: ice-form, very slow
A: large, regeneration 2, magic shield, no potion heal 3, rot immunity
a: End Transformation, Bend Time, Temporal Distortion, Renounce Religion


You were on level 1 of the Lair of Beasts.
You worshipped Cheibriados.
Cheibriados was most pleased with you.
You were a creature of crystalline ice.
You visited 3 branches of the dungeon, and saw 15 of its levels.
You also visited: Sewer.

You collected 585 gold pieces.

Inventory:

Hand Weapons
 a - a +1 dagger of venom
   (You took it off an orc on level 7 of the Dungeon)
 e - a +0 short sword
   (You took it off a kobold on level 1 of the Dungeon)
 q - a +0 trident
   (You took it off an orc on level 2 of the Dungeon)
 L - a +0 dagger
   (You took it off a goblin on level 2 of the Dungeon)
 O - a +1 scimitar of flaming
   (You took it off Maggie on level 8 of the Dungeon)
Missiles
 b - 94 arrows
 d - 119 stones
 i - a javelin
 p - 2 silver javelins
 G - 27 poisoned darts (quivered)
 J - 13 boomerangs
 K - 2 silver boomerangs
Armour
 h - a +1 hat of magic resistance (melded)
   (You found it on level 11 of the Dungeon)
 s - a +2 robe of fire resistance
   (You took it off Jessica on level 2 of the Dungeon)
 B - a +4 troll leather armour (melded) {Purgy}
   (You found it in a sewer)
 P - a +0 kite shield
   (You found it on level 7 of the Dungeon)
 Q - a +2 pair of boots of flying (melded)
   (You found it on level 8 of the Dungeon)
 U - a +0 buckler
   (You found it on level 2 of the Lair of Beasts)
 V - the cursed +1 scale mail "Puyjupnye" {rPois rCorr Int+9 Slay-6, unknown}
   (You found it on level 2 of the Lair of Beasts)

   It affects your intelligence (+9).
   It affects your accuracy and damage with ranged weapons and melee attacks
   (-6).
   It protects you from poison.
   It provides partial protection from all sources of acid and corrosion.
   It has a curse placed upon it.
Jewellery
 x - an uncursed ring of ice
   (You found it on level 4 of the Dungeon)
 F - a ring of protection from fire (left front paw) {!d}
   (You found it on level 5 of the Dungeon)
 H - an amulet of regeneration (around neck)
   (You found it on level 7 of the Dungeon)
 M - a ring of stealth (right front paw)
   (You found it on level 9 of the Dungeon)
Wands
 w - a wand of random effects (34)
   (You found it on level 3 of the Dungeon)
 D - a wand of flame (28)
   (You took it off Ijyb on level 5 of the Dungeon)
 S - a wand of digging (2)
   (You took it off Maggie on level 8 of the Dungeon)
Scrolls
 j - 5 scrolls of teleportation {@r4}
 m - 2 scrolls of fog
 o - 5 scrolls of remove curse {@r2}
 u - a scroll of enchant weapon {unknown}
 v - a scroll of fear {unknown}
 y - a scroll of blinking {unknown}
 C - 2 scrolls of random uselessness {unknown}
 E - a scroll of noise
 N - a scroll of silence {unknown}
 R - a scroll of summoning {unknown}
 T - a scroll of brand weapon {unknown}
Potions
 f - 2 potions of haste {@q3}
 g - a potion of cancellation {unknown}
 k - a potion of berserk rage {!q}
 l - 2 potions of degeneration
 n - 2 potions of mutation
 r - 4 potions of lignification
 t - a potion of stabbing {unknown}
 z - 6 potions of curing {@q1}
 A - a potion of flight
 I - a potion of invisibility


   Skills:
 - Level 5.0 Fighting
 - Level 6.1 Dodging
 - Level 3.0 Stealth
 - Level 10.7 Unarmed Combat
 - Level 6.0 Spellcasting
 - Level 6.0 Conjurations
 - Level 6.0 Hexes
 - Level 6.0 Transmutations
 - Level 2.0 Ice Magic
 - Level 1.0 Poison Magic
 + Level 5.7 Invocations


You had 3 spell levels left.
You knew the following spells:

 Your Spells              Type           Power        Failure   Level
a - Magic Dart            Conj           ####         1%          1
b - Searing Ray           Conj           #####.       1%          2
d - Dazzling Flash        Conj/Hex       #####.       1%          3
h - Fulminant Prism       Conj/Hex       #####.....   4%          4
j - Spider Form           Tmut/Pois      ####......   3%          3
l - Ice Form              Ice/Tmut       ####....     10%         4
t - Confusing Touch       Hex            #####...     1%          3

Your spell library contained the following spells:

 Spells                   Type           Power        Failure   Level
 Beastly Appendage        Tmut           #####.       1%          1
 Corona                   Hex            #####..      1%          1
 Foxfire                  Conj/Fire      ####         1%          1
 Ensorcelled Hibernation  Hex/Ice        ####..       1%          2
 Wereblood                Tmut           #####...     1%          2
 Tukima's Dance           Hex            #####...     1%          3
 Conjure Flame            Conj/Fire      ####....     4%          3
 Inner Flame              Hex/Fire       ####....     4%          3
 Blade Hands              Tmut           #####.....   12%         5
 Iskenderun's Mystic Bla  Conj/Tloc      ####....     16%         4
 Sticky Flame             Conj/Fire      ####....     16%         4
 Fireball                 Conj/Fire      ####......   38%         5


Dungeon Overview and Level Annotations

Branches:
Dungeon (12/15)            Temple (1/1) D:5            Lair (2/6) D:8
  Sewer (visited)
  Swamp: Lair:2-4    Shoals: Lair:2-4     Snake: Lair:2-4    Spider: Lair:2-4
    Orc: D:9-12

Altars:
Ashenzari
Cheibriados
Dithmenos
Elyvilon
Fedhas
Hepliaklqana
Kikubaaqudgha
Makhleb
Nemelex Xobeh
Okawaru
Qazlal
Ru
Sif Muna
Uskayaw
Vehumet
Wu Jian
Xom
Zin
The Shining One

Shops:
D:10 (

Annotations:
D:4 Edmund
D:6 exclusion: ogre
D:8 maggie, /digging
D:9 exclusions: 2 doors, hornet and two-headed ogre
D:10 exclusion: downstairs
D:11 1 exclusion, Snorg


Innate Abilities, Weirdness & Mutations

((You have razor-sharp teeth.))
You heal very quickly.
When hurt, damage is shared between your health and your magic reserves.
((Your bite disrupts and absorbs the magic of your enemies.))
Potions cannot restore your health.
You are immune to rotting.


Message History

The wolf is almost dead.
The wolf misses you.
Your fulminant prism crackles loudly.
The wolf misses you.
You punch the wolf! You freeze the wolf.
You kill the wolf!
Cheibriados thoroughly appreciates the change of pace.
Your Ice Magic skill increases to level 1!
Your fulminant prism explodes!
The blast of energy engulfs the wolf!!
You kill the wolf!
Cheibriados thoroughly appreciates the change of pace.
You have reached level 12!
Your experience leads to an increase in your attributes!
Your base attributes are Str 11, Int 21, Dex 12.
Increase (S)trength, (I)ntelligence, or (D)exterity?
You feel clever.
You feel stronger.
You begin to heal more quickly.
The blast of energy engulfs the wolf!!
You kill the wolf!
Cheibriados thoroughly appreciates the change of pace.
The blast of energy engulfs the cane toad!!
The cane toad is severely wounded.
You hit the cane toad. You freeze the cane toad.
The cane toad is severely wounded.
The cane toad closely misses you.
You punch the cane toad!
The cane toad seems to slow down.
You freeze the cane toad.
You kill the cane toad!
Cheibriados appreciates the change of pace.
Casting: Fulminant Prism (dangerous; 3% risk of failure)
Confirm with . or Enter, or press ? or * to list all spells.
Press: ? - help, Dir - move target cursor You conjure a prism of explosive energy!
* * * LOW MAGIC WARNING * * *
A fulminant prism comes into view.
The wolf barely misses you. The wolf closely misses you.
Press: ? - help, v - describe, . - travel, g - get item
Here: an eight-headed hydra Item here: a wolf corpse.
The floor.
You can feel time thicken for a moment.
You kill the wolf!
Cheibriados thoroughly appreciates the change of pace.
Training target 2.0 for Ice Magic reached!
Your Ice Magic skill increases to level 2!
* * * LOW MAGIC WARNING * * *
Cheibriados lowers the support of your attributes as your movement quickens.
Your fulminant prism crackles loudly.
You don't have enough magic at the moment.
You punch the eight-headed hydra! You freeze the eight-headed hydra.
The eight-headed hydra is heavily wounded.
You hit the eight-headed hydra. You freeze the eight-headed hydra.
The eight-headed hydra is heavily wounded.
The eight-headed hydra completely misses you.
The eight-headed hydra bites you.
The eight-headed hydra closely misses you.
The eight-headed hydra bites you.
The eight-headed hydra barely misses you.
The eight-headed hydra bites you!
* * * LOW MAGIC WARNING * * *
The eight-headed hydra bites you! The eight-headed hydra bites you.
* * * LOW HITPOINT WARNING * * *
Your fulminant prism explodes!
The blast of energy engulfs the eight-headed hydra!
The eight-headed hydra is severely wounded.
Evoke which item? (* to show all) (? for menu, Esc to quit)
Okay, then.
Press: ? - help, v - describe, . - travel, g - get item
Here: an eight-headed hydra (severely wounded)
Items here: a wolf corpse; a wolf corpse; a wolf corpse.
The floor, spattered with blood.
Magic courses through your body. The eight-headed hydra bites you.
* * * LOW HITPOINT WARNING * * *
The eight-headed hydra bites you.
* * * LOW HITPOINT WARNING * * *
The eight-headed hydra barely misses you.
The eight-headed hydra bites you but does no damage.
The eight-headed hydra bites you.
* * * LOW HITPOINT WARNING * * *
The eight-headed hydra closely misses you.
The eight-headed hydra bites you.
* * * LOW HITPOINT WARNING * * *
The eight-headed hydra bites you.
* * * LOW HITPOINT WARNING * * *
You can feel time thicken for a moment.
* * * LOW MAGIC WARNING * * *
You can no longer inflict damage on those overly hasty.
Cheibriados lowers the support of your attributes as your movement quickens.
The eight-headed hydra bites you!
* * * LOW MAGIC WARNING * * *;
* * * LOW HITPOINT WARNING * * *
The eight-headed hydra closely misses you.
The eight-headed hydra bites you!
* * * LOW MAGIC WARNING * * *;
* * * LOW HITPOINT WARNING * * *
The eight-headed hydra bites you!
* * * LOW MAGIC WARNING * * *;
* * * LOW HITPOINT WARNING * * *
The eight-headed hydra closely misses you.
The eight-headed hydra bites you!
* * * LOW MAGIC WARNING * * *
You die...

..... ░░░ .... ..). .
░░.░ ░░..░ ░..░ D .. ░..░
...░░ ░..░ .. ..░░..░
░... ░..░ ⌠.. ....░ ░..░
░..░ .... ░..░░ ░..░
░░..░░ ..⌠h.
░...░░░..░░░░....░
......░░Y................
░...D░................
░░..†░░░░░..░░░░░░..P░
░....░ ░..░ ░..░░ ░░░...░
░...░░░░░..░░ .░░░.....░
░░..░░░.░░...░
.....░...░░..............
........†.░..............
.░░░....>.░░░...░░░..░.░░


You could see an eight-headed hydra.

Vanquished Creatures
  A two-headed ogre (D:10)
  An ugly thing (D:8)
  A merfolk siren (Lair:2)
  A centaur skeleton (D:10)
  3 cane toads
  A gargoyle (D:8)
  Maggie (D:8)
  A troll (D:11)
  Grinder (D:4)
  5 blink frogs (Lair:2)
  16 yaks
  A shadow (D:11)
  6 wyverns
  3 water moccasins
  A black bear (D:10)
  Purgy (Sewer)
  4 orc warriors
  3 sky beasts
  2 phantoms
  3 ice beasts
  4 ogres
  16 wolves
  5 centaurs
  2 big kobolds
  9 bullfrogs
  A water moccasin zombie (D:8)
  A wyvern skeleton (D:10)
  3 killer bees (D:11)
  2 bullfrog zombies
  3 hounds
  A jelly (D:5)
  A bullfrog skeleton (D:10)
  An orc priest (D:6)
  8 orc wizards
  Jessica (D:2)
  Natasha (D:2)
  Ijyb (D:5)
  5 iguanas
  4 worker ants
  A hound zombie (D:7)
  2 worker ant zombies
  13 adders
  A river rat (D:4)
  2 shadow imps
  2 white imps
  6 ufetubi
  An adder skeleton (D:4)
  2 worms
  3 leopard geckos
  31 orcs
  5 bats
  5 giant cockroaches
  6 goblins
  10 hobgoblins
  4 jackals (D:5)
  5 quokkas
  2 ball pythons
  5 frilled lizards
  A jackal zombie (D:7)
  17 kobolds
  7 rats
  A butterfly (Lair:1)
257 creatures vanquished.

Vanquished Creatures (others)
  An orc (D:8)
  25 fulminant prisms
  13 fungi
  9 plants
48 creatures vanquished.

Grand Total: 305 creatures vanquished

Notes
Turn   | Place    | Note
-------+----------+-------------------------------------------
     0 | D:1      | vt the Vine Stalker Conjurer began the quest for the Orb.
     0 | D:1      | Reached XP level 1. HP: 9/9 MP: 4/4
   116 | D:1      | Reached XP level 2. HP: 13/13 MP: 1/6
   210 | D:1      | Learned a level 2 spell: Searing Ray
   340 | D:2      | Found a stormy altar of Qazlal.
   356 | D:2      | Reached XP level 3. HP: 13/16 MP: 3/7
   437 | D:2      | Reached skill level 5 in Conjurations
   473 | D:2      | Reached skill level 2 in Dodging
   574 | D:2      | Noticed Jessica
   625 | D:2      | Gained mutation: Your natural rate of healing is unusually
                  | fast. [Vine Stalker growth]
   625 | D:2      | Reached XP level 4. HP: 20/21 MP: 2/8
   766 | D:2      | Killed Jessica
   815 | D:2      | Reached skill level 3 in Dodging
   870 | D:3      | Learned a level 3 spell: Dazzling Flash
   925 | D:3      | Noticed Natasha
   935 | D:2      | Killed Natasha
   935 | D:2      | Reached skill level 3 in Stealth
   935 | D:2      | Reached skill level 1 in Hexes
   935 | D:2      | Reached XP level 5. HP: 18/24 MP: 2/9
  1077 | D:4      | Noticed Grinder
  1085 | D:4      | Paralysed by Grinder for 3 turns
  1098 | D:4      | Killed Grinder
  1098 | D:4      | Reached skill level 4 in Hexes
  1098 | D:4      | Reached XP level 6. HP: 28/28 MP: 0/10
  1143 | D:4      | Found a sparkling altar of Nemelex Xobeh.
  1204 | D:4      | Found a sparkling altar of Nemelex Xobeh.
  1323 | D:4      | Found a glowing drain.
  1327 | Sewer    | Entered a sewer
  1441 | Sewer    | Noticed Purgy
  1453 | Sewer    | Killed Purgy
  1453 | Sewer    | Reached skill level 3 in Spellcasting
  1453 | Sewer    | Reached skill level 5 in Hexes
  1453 | Sewer    | Reached XP level 7. HP: 32/32 MP: 7/12
  1550 | D:4      | Found a sacrificial altar of Ru.
  1626 | D:4      | Noticed Edmund
  1689 | D:5      | Entered Level 5 of the Dungeon
  1689 | D:5      | Found a staircase to the Ecumenical Temple.
  1701 | Temple   | Entered the Ecumenical Temple
  1798 | D:5      | Learned a level 4 spell: Fulminant Prism
  1800 | D:5      | Noticed Ijyb
  1810 | D:5      | Killed Ijyb
  1873 | D:5      | Found a shadowy altar of Dithmenos.
  2309 | D:6      | Reached skill level 6 in Conjurations
  2309 | D:6      | Reached skill level 6 in Hexes
  2330 | D:6      | Gained mutation: You have razor-sharp teeth. [Vine Stalker
                  | growth]
  2330 | D:6      | Reached XP level 8. HP: 31/36 MP: 5/14
  2335 | D:6      | Learned a level 3 spell: Confusing Touch
  2523 | D:6      | Reached skill level 4 in Spellcasting
  2592 | D:6      | Reached skill level 5 in Spellcasting
  2606 | D:6      | Learned a level 3 spell: Spider Form
  2695 | D:7      | Got a pitted leather armour
  2708 | D:7      | Found a radiant altar of Vehumet.
  2720 | D:7      | Reached skill level 1 in Transmutations
  2720 | D:7      | Reached skill level 1 in Poison Magic
  2727 | D:7      | Reached skill level 2 in Transmutations
  2770 | D:7      | Reached skill level 3 in Transmutations
  2795 | D:7      | Found a snail-covered altar of Cheibriados.
  2803 | D:7      | Became a worshipper of Cheibriados the Contemplative
  2917 | D:7      | Found a white marble altar of Elyvilon.
  2926 | D:7      | Reached skill level 4 in Transmutations
  2966 | D:7      | Got a brightly glowing trident
  3070 | D:8      | Found a hazy altar of Hepliaklqana.
  3154 | D:8      | Noticed Maggie
  3154 | D:8      | Noticed a wyvern
  3164 | D:8      | Noticed a wyvern
  3169 | D:7      | Killed a wyvern
  3219 | D:8      | Reached skill level 6 in Spellcasting
  3219 | D:8      | Reached skill level 1 in Unarmed Combat
  3219 | D:8      | Reached XP level 9. HP: 31/39 MP: 0/19
  3296 | D:8      | ok
  3298 | D:8      | HP: 5/39 [wyvern (9)]
  3300 | D:8      | HP: 2/39 [wyvern (5)]
  3304 | D:8      | Reached skill level 3 in Unarmed Combat
  3411 | D:8      | Reached skill level 4 in Unarmed Combat
  3486 | D:9      | Reached * piety under Cheibriados
  3486 | D:9      | Reached skill level 5 in Unarmed Combat
  3494 | D:9      | Reached skill level 6 in Unarmed Combat
  3527 | D:8      | Found a blossoming altar of Fedhas.
  3527 | D:8      | Found an iron altar of Okawaru.
  3606 | D:10     | Entered Level 10 of the Dungeon
  3621 | D:10     | Reached skill level 7 in Unarmed Combat
  3629 | D:10     | Was placed under penance by Cheibriados
  3630 | D:10     | dammit
  3638 | D:9      | Noticed a two-headed ogre
  3659 | D:9      | Noticed a hornet
  3695 | D:9      | Was forgiven by Cheibriados
  3748 | D:9      | Reached skill level 1 in Fighting
  3833 | D:10     | HP: 6/41 [wyvern (13)]
  3855 | D:10     | Found Cylam's Weapon Shoppe.
  3922 | D:10     | Reached skill level 2 in Fighting
  3942 | D:11     | Reached XP level 10. HP: 40/46 MP: 11/20
  4070 | D:11     | Reached skill level 4 in Dodging
  4075 | D:11     | Reached skill level 8 in Unarmed Combat
  4086 | D:11     | Reached skill level 5 in Transmutations
  4229 | D:11     | Reached skill level 6 in Transmutations
  4310 | D:10     | Reached ** piety under Cheibriados
  4381 | D:10     | Identified the cursed +1 leather armour of Cowuolac
                  | {Regen+} (You found it on level 7 of the Dungeon)
  4381 | D:10     | Identified the +7 trident "Cot Lip" {vorpal, *Corrode rF+
                  | MP+9 Dex+4} (You found it on level 7 of the Dungeon)
  4475 | D:10     | Reached skill level 3 in Fighting
  4482 | D:10     | Noticed a two-headed ogre
  4488 | D:10     | Killed a two-headed ogre
  4488 | D:10     | Reached skill level 5 in Dodging
  4537 | D:10     | Reached skill level 4 in Fighting
  4537 | D:10     | Reached skill level 9 in Unarmed Combat
  4551 | D:10     | Reached XP level 11. HP: 46/53 MP: 5/21
  4606 | D:11     | Reached *** piety under Cheibriados
  4612 | D:11     | Noticed Snorg
  4909 | D:8      | Reached skill level 10 in Unarmed Combat
  5238 | D:8      | Noticed a brown ugly thing
  5241 | D:8      | Found a burning altar of Makhleb.
  5244 | D:8      | Killed a brown ugly thing
  5267 | D:8      | Found a staircase to the Lair.
  5268 | D:8      | oh wtf
  5277 | Lair:1   | Entered Level 1 of the Lair of Beasts
  5294 | D:8      | Reached **** piety under Cheibriados
  5377 | D:8      | Killed Maggie
  5507 | Lair:1   | Reached skill level 5 in Fighting
  5530 | Lair:2   | Learned a level 4 spell: Ice Form
  5596 | Lair:2   | Reached skill level 6 in Dodging
  5624 | Lair:2   | HP: 12/55 [merfolk/+0 trident (12)]
  5625 | Lair:2   | rip
  5626 | Lair:2   | Reached skill level 1 in Invocations
  5628 | Lair:2   | Reached skill level 2 in Invocations
  5694 | Lair:2   | Reached skill level 3 in Invocations
  5702 | Lair:2   | Reached skill level 4 in Invocations
  5737 | Lair:2   | Got a pitted scale mail
  5784 | Lair:2   | Reached skill level 5 in Invocations
  5879 | Lair:1   | Noticed an eight-headed hydra
  5887 | Lair:1   | Reached skill level 1 in Ice Magic
  5887 | Lair:1   | Gained mutation: You heal very quickly. [Vine Stalker
                  | growth]
  5887 | Lair:1   | Reached XP level 12. HP: 60/60 MP: 11/22
  5891 | Lair:1   | Reached skill level 2 in Ice Magic
  5895 | Lair:1   | HP: 12/72 [eight-headed hydra (7)]
  5895 | Lair:1   | HP: 4/72 [eight-headed hydra (8)]
  5895 | Lair:1   | Slain by an eight-headed hydra

Illustrated notes ░. ░.......░ ░. ░░░░░...░░░░░░ . ░. ░.░......░░ ....░░.░░░░░░...░░░...░ ...........<.......░ ░.░░ .$.....░░.░░░░>.░░)░ .. ....... ░.░ ░..░ ░░░. ."..... ░.░ ░..░ ... ....... ░.░ ░s.░ ░.░ ...@... ░.░ ░l.░░░░†░ ░░..... ░.░ ░.......░ ░░...░ ░.░ ░.░░░░..░ ░.░ ░.░ ░..░░░.░ ░.░ ░.░ ░......░ ░.░ ░.░░░░..░░░░░ ░.░░░░.......░ ░...........░.░░░ Turn 3296 on D:8: ok ░░ ░ .. ░░░░.░░░░ l░ ░.......░ .░ ░.░░@░░░░.░░ ░.....)l...░ ░░░░.░░.....░ ░[░░......... ..░░.....░░.░ ░░░░░░...... ░ ░...░░░░ ░...░ ░.... Turn 3630 on D:10: dammit

░░░░÷░ ▓§≈≈≈≈▓§░ .....░
▓▓≈..§≈▓≈░ ░░░..░ ▓⌠≈...≈▓≈░░
░..░░░.░ ▓§._..'..░ ░......░
▓⌠≈...≈▓≈.░ ░░░..░░░░░
▓▓≈...≈▓§.░ .....░ ▓≈≈≈≈≈▓≈.░
....░.░░░░░░░░░░░░░▓▓▓⌠▓⌠▓▓≈.░
░░.░░░.. >......s..░▓▓▓▓▓▓≈≈.░
░░.░.░░░░░░░░░░░░░.░ ░░..░
░..░ ░.░ ░░.░░ ░.░░░
░░.░░░░░░..░ ░░░...░
░░░░░░░░░░.........░░ ....░.░
░............░░░░░░░ ░░░░░.░
░[░░░░░░░░...░ ░.░ ░.░ ░░░░░
░░ ░.░ ░.░


Turn 5268 on D:8: oh wtf ░░░░░░░░░░ ░░░░.░P░.░P.░░░░ ░...............
░............... ░............... ░░░............... ░s░..........░░░░
░░F.........P░ ░mm..<.....P░ ░P.........P.░ ░.....░░.P....░ ░░.....░░░....░
░....░.░ ..... ..m....░░ .....░ .F..m..░░ .. Turn 5625 on Lair:2: rip

Levels and vault maps discovered:
D:1:      evilmike_arrival_plus, layout_loops_ring, minmay_octomino_c4
D:2:      layout_rooms, grunt_qazlal_sundering, uniq_jessica
D:3:      layout_loops_ring, cheibriados_altar_1, uniq_natasha
D:4:      layout_loops_ring, trog_eyes_of_draining, nicolae_gozag_seed_capital,
          lemuel_doored_altar, nemelex_xobeh_ov_fountains_minmay,
          gup_sewer_entry_spiral, amethyst_killhole,
          nemelex_diamond_rough_becter, uniq_grinder, uniq_edmund
D:5:      layout_basic, nicolae_dithmenos_through_a_glass_darkly,
          minmay_temple_entry_large_hall, uniq_ijyb
D:6:      layout_basic, yredelemnul_altar_generic
D:7:      layout_rooms, elyvilon_altar_3, old_standard_altar,
          vehumet_altar_wand_db
D:8:      minmay_bloctagon_deflated, layout_loops_ring,
          nicolae_overflow_hidden_temple, lightli_temple_of_fire,
          overflow_temple_1_default, uniq_maggie
D:9:      layout_roguey, kennysheep_pointless_box
D:10:     layout_loops_cross, serial_shops, nicolae_shop_crystal,
          chequers_serial_rivers_micro_b
D:11:     layout_layer_cave, uniq_snorg
D:12:     layout_long_grid, david_orc_3, basic_altar, led_sif_book
Temple:   kb_temple_of_zot
Lair:1:   layout_small_grid, special_room [special_room_bee],
          minmay_lair_oklob_chamber, grunt_megastairs_4,
          infiniplex_staircase_pool_2, lemuel_fruit_fields
Lair:2:   layout_cellular_growth, elwin_shoals_entry_stream, uniq_erica

Skill      XL: |  1  2  3  4  5  6  7  8  9 10 11 12 |
---------------+-------------------------------------+-----
Conjurations   | 5 6 |  6.0
Dodging        | 2 3 5 6 |  6.1
Stealth        | 3 |  3.0
Hexes          | 1 4 5 6 |  6.0
Spellcasting   | 3 6 |  6.0
Transmutations | 4 6 |  6.0
Poison Magic   | 1 |  1.0
Unarmed Combat | 1 7 9 10 | 10.7
Fighting       | 2 4 5 |  5.0
Invocations    | 5 |  5.7
Ice Magic      | 1 2 |  2.0

Action                   |  1- 3 |  4- 6 |  7- 9 | 10-12 || total
-------------------------+-------+-------+-------+-------++-------
Melee: Unarmed           |     4 |       |   145 |   384 ||   533
       Short sword       |    16 |       |       |       ||    16
       Bite              |     2 |    15 |    27 |     4 ||    48
       Dagger            |       |    60 |   121 |     2 ||   183
       Punch             |       |       |       |     1 ||     1
Throw: Javelin           |       |     1 |     1 |     2 ||     4
       Dart              |       |       |    14 |     5 ||    19
 Cast: Magic Dart        |    30 |     5 |    10 |       ||    45
       Searing Ray       |     7 |    13 |    23 |       ||    43
       Dazzling Flash    |       |     1 |     8 |     9 ||    18
       Spider Form       |       |       |    22 |    41 ||    63
       Fulminant Prism   |       |       |     7 |    18 ||    25
       Confusing Touch   |       |       |       |     5 ||     5
       Ice Form          |       |       |       |     1 ||     1
Invok: Slouch            |       |       |       |     3 ||     3
 Abil: End Transformatio |       |       |       |     6 ||     6
Evoke: Wand              |       |       |     8 |       ||     8
  Use: Scroll            |     4 |     5 |    10 |     6 ||    25
       Potion            |       |     2 |     6 |     5 ||    13
 Stab: Sleeping          |     4 |     6 |     5 |     4 ||    19
       Invisible         |       |     2 |     3 |     7 ||    12
       Distracted        |       |       |     2 |       ||     2
       Confused          |       |       |       |    10 ||    10
Armor: Robe              |     9 |    20 |       |       ||    29
       Skin              |       |     3 |     5 |    11 ||    19
       Troll leather arm |       |       |    51 |    14 ||    65
Dodge: Dodged            |    17 |    46 |   235 |   412 ||   710

Table legend: (Time is in decaauts)
 A = Elapsed time spent in this place.
 B = Non-inter-level travel time spent in this place.
 C = Inter-level travel time spent in this place.
 D = Time resting spent in this place.
 E = Time spent auto-exploring this place.
 F = Levels seen in this place.
 G = Mean time per level.
                   A        B        C        D        E       F      G
               +--------+--------+--------+--------+--------+-----+--------+
         Total |   6933 |   6619 |    314 |     14 |      0 |  16 |  433.3 |
       Dungeon |   6004 |   5690 |    314 |     14 |      0 |  12 |  500.3 |
        Temple |     67 |     67 |      0 |      0 |      0 |   1 |   67.0 |
          Lair |    683 |    683 |      0 |      0 |      0 |   2 |  341.5 |
         Sewer |    177 |    177 |      0 |      0 |      0 |   1 |  177.0 |
               +--------+--------+--------+--------+--------+-----+--------+

Top non-repeatable levels by time:
     D:8: 1205 daAuts
    D:10: 827 daAuts
     D:7: 616 daAuts
     D:9: 559 daAuts
     D:4: 519 daAuts
     D:2: 497 daAuts
     D:5: 418 daAuts
  Lair:2: 409 daAuts
     D:6: 391 daAuts
    D:11: 381 daAuts
     D:1: 354 daAuts
  Lair:1: 273 daAuts
     D:3: 231 daAuts
   Sewer: 177 daAuts
  Temple: 67 daAuts

Table legend:
 A = Kills in this place as a percentage of kills in entire the game.
 B = Kills by you in this place as a percentage of kills by you in the entire game.
 C = Kills by friends in this place as a percentage of kills by friends in the entire game.
 D = Other kills in this place as a percentage of other kills in the entire game.
 E = Experience gained in this place as a percentage of experience gained in the entire game.
 F = Experience gained in this place divided by the number of levels of this place that you have seen.
                   A       B       C       D       E      F
               +-------+-------+-------+-------+-------+----------------------
         Total | 100.0 | 100.0 |   N/A | 100.0 | 100.0 | 1194.8
       Dungeon |  83.6 |  83.5 |   N/A | 100.0 |  64.6 | 1029.0
          Lair |  14.1 |  14.1 |   N/A |   0.0 |  34.6 | 3310.0
         Sewer |   2.3 |   2.4 |   N/A |   0.0 |   0.8 | 149.0
               +-------+-------+-------+-------+-------+----------------------
